 Dungeon Crawl Stone Soup version 0.30.1-3-gfc49f6343a (webtiles) character file.

Game seed: 7890681637617398622

40 croobank the Sneak (level 3, 0/26 HPs)
             Began as an Octopode Monk on July 20, 2023.
             Slain by Pargi (4 damage)
             ... in a sewer.
             The game lasted 00:03:45 (1477 turns).

croobank the Sneak (Octopode Monk)                  Turns: 1477, Time: 00:03:45

Health: 0/26       AC:  1    Str: 10    XL:     3   Next: 50%
Magic:  3/3        EV: 19    Int: 14    God:
Gold:   111        SH:  0    Dex: 14    Spells: 2/2 levels left

rFire   . . .        a - +0 short sword
rCold   . . .        (no shield)
rNeg    . . .        (helmet restricted)
rPois   .            (no amulet)
rElec   .            s - +5 ring of evasion
rCorr   .            (no ring)
SInv    .            (no ring)
Will    .....        (no ring)
Stlth   +++          (no ring)
HPRegen 0.24/turn    (no ring)
MPRegen 0.08/turn    (no ring)
                     (no ring)

%: no passive effects
@: no status effects
A: almost no armour, amphibious, 8 rings, camouflage 1, gelatinous body 1,
(nimble swimmer 1), tentacles
a: no special abilities


You were in a sewer.
You visited 1 branch of the dungeon, and saw 3 of its levels.
You also visited: Sewer.

You collected 111 gold pieces.

Inventory:

Hand Weapons
 a - a +0 short sword (weapon)
 i - a +0 war axe
 l - a +0 dagger
 p - a +0 falchion
Missiles
 h - 12 poisoned darts (quivered)
Armour
 c - an orb of light
Jewellery
 s - a +5 ring of evasion (left tentacle)
Wands
 q - a wand of digging (7)
Scrolls
 d - 2 scrolls of identify
 e - 5 scrolls of blinking {unknown}
 f - 4 scrolls of teleportation
Potions
 b - a potion of ambrosia
 g - 2 potions of heal wounds
 j - a potion of attraction
 k - a potion of mutation {unknown}
 m - a potion of might {unknown}
 n - a potion of haste {unknown}
 o - 2 potions of flight {unknown}
 r - a potion of curing {unknown}


   Skills:
 - Level 3.1 Fighting
 - Level 3.1 Short Blades
 - Level 3.1 Dodging
 + Level 3.6 Stealth


You had 2 spell levels left.
You didn't know any spells.
Your spell library was empty.

Dungeon Overview and Level Annotations

Branches:
Dungeon (3/15)              Sewer (1/1)

Altars:

Shops:
D:2 :

Annotations:
Sewer Pargi


Innate Abilities, Weirdness & Mutations

You cannot wear most types of armour.
You are amphibious.
You can wear up to eight rings at the same time.
Your skin changes colour to match your surroundings (Stealth+).
Your rubbery body absorbs attacks. (AC +1, EV +1)
((You are camouflaged when in or above water. (Stealth+)))
You have tentacles for arms and can constrict up to eight enemies at once.


Message History

s - a +5 ring of evasion (left tentacle)
Things that are here:
a +0 dagger; 4 stones
There is an open door here.
You open the door.
Pargi the Meek comes into view.
Found a scroll labelled EROIMEGRUU.
There is an open door here.
The helpless Pargi fails to defend himself.
You puncture Pargi!
Pargi is moderately wounded.
Pargi bites you but does no damage. Pargi completely misses you.
Pargi barely misses you.
You hit Pargi.
Pargi is moderately wounded.
Pargi misses you. Pargi closely misses you. x2
You hit Pargi. You squeeze Pargi, but do no damage.
Pargi is heavily wounded.
You hit Pargi.
You tentacle-slap Pargi, but do no damage.
Pargi is heavily wounded.
Pargi bites you. Pargi misses you. Pargi claws you.
You closely miss Pargi.
Pargi is heavily wounded.
Pargi bites you. Pargi claws you. Pargi barely misses you.
You hit Pargi. You tentacle-slap Pargi.
Pargi is severely wounded.
Pargi barely misses you. Pargi claws you. Pargi closely misses you.
You hit Pargi.
Pargi is severely wounded.
Pargi completely misses you. Pargi barely misses you. Pargi claws you.
You hit Pargi.
Pargi is severely wounded.
Pargi bites you!
* * * LOW HITPOINT WARNING * * *
Pargi closely misses you. Pargi misses you.
You closely miss Pargi.
Pargi is severely wounded.
Pargi misses you. x2; Pargi claws you.
You die...

#~≈~ #~≈~#
#~≈~# #~≈~#
##########
+.~≈~.').#
#.~≈~.####
####.~≈~.####
#?T@.~≈~.)..#
####.~≈~.####
####.~≈~.####
#.)'.~≈~.'..#
####.~≈~.####
####.~≈~.####
#∩....∩..').#
####.~≈~.####
####.~≈~.####


You could see Pargi.

Vanquished Creatures
  An adder (D:2)
  An orc (D:3)
  3 ball pythons
  6 bats
  5 goblins
  A quokka (D:1)
  3 frilled lizards (D:1)
  6 kobolds
  A rat (D:1)
27 creatures vanquished.

Notes
Turn   | Place    | Note
-------+----------+-------------------------------------------
     0 | D:1      | croobank the Octopode Monk began the quest for the Orb.
     0 | D:1      | Reached XP level 1. HP: 16/16 MP: 1/1
   323 | D:1      | Reached XP level 2. HP: 12/21 MP: 2/2
   459 | D:1      | Reached skill level 1 in Stealth
  1080 | D:2      | Found Dorurase's Book Boutique.
  1204 | D:2      | Reached XP level 3. HP: 26/26 MP: 3/3
  1321 | D:3      | Found a glowing drain.
  1343 | Sewer    | Entered a sewer
  1467 | Sewer    | Noticed Pargi
  1477 | Sewer    | Slain by Pargi

Illustrated notes

Levels and vault maps discovered:
D:1:      sevenhm_arrival_forest_fort_small_6, layout_loops_ring
D:2:      layout_loops_ring, serial_shops, nicolae_shop_peninsula,
          dreamdust_wishing_well, serial_bayou_crossing
D:3:      layout_loops_ring, slow_altar_1, cheibrodos_sewer_entry_sluice,
          shapermc_ecumenical_altar_mp_urbaneastern, kennysheep_generic_room_12
Sewer:    kennysheep_door_sewer

Skill      XL: |  1  2 |
---------------+-------+-----
Stealth        | 3 |  3.6
Fighting       | |  3.1
Short Blades   | |  3.1
Dodging        | |  3.1

Action                     || total
---------------------------++-------
  Melee: Short sword       ||    60
         Constrict         ||    17
         Tentacles         ||    11
         Punch             ||     2
    Use: Scroll            ||     5
   Stab: Sleeping          ||     9
 Armour: Skin              ||     8
  Dodge: Dodged            ||    45
